 Dungeon Crawl Stone Soup version 0.14-a0-2679-gcb94c3d (webtiles) character file.

7918 Herrn the Fighter (level 11, -20/104 HPs)
             Began as a Djinni Fighter on Feb 17, 2014.
             Was a High Priest of Okawaru.
             Killed from afar by a green death (41 damage)
             ... with a bolt of poison
             ... on Level 1 of the Abyss.
             The game lasted 01:01:43 (8777 turns).

Herrn the Fighter (Djinni Fighter)                  Turns: 8777, Time: 01:01:43

HP -20/104       AC 18     Str 21      XL: 11   Next:  0%
MP   0/0         EV  5     Int  8      God: Okawaru [*****.]
Gold 197         SH 20     Dex 21      Spells:  0 memorised, 10 levels left

rFire  + + +     SeeInvis .     r - +2,+1 falchion
rCold  x . .     Clarity  .     e - +3 dwarf chain mail
rNeg   + + +     Conserve .     c - +0 shield (curse)
rPois  .         rCorr    .     n - +2 orc hat
rElec  .         rRot     .     (no cloak)
SustAb . .       Spirit   .     P - +2 pair of gloves {Dex+3}
rMut   .         Warding  .     (boots unavailable)
Saprov . . .     Stasis   .     (no amulet)
MR     .....                    v - cursed +4 ring of strength
                                l - ring of sustenance {unknown}

@: flying, mildly poisoned, not resistant to hostile enchantments, extremely
unstealthy
A: fire immunity, cold vulnerability, horns 2, agile 1, blurry vision 1, low mp
1, life protection 3, wild magic 1
a: Heroism, Finesse, Renounce Religion


You were on level 1 of the Abyss.
You worshipped Okawaru.
Okawaru was extremely pleased with you.
You were not hungry.

You visited 2 branches of the dungeon, and saw 10 of its levels.
You visited the Abyss 1 time.

You collected 438 gold pieces.
You spent 241 gold pieces at shops.

Inventory:

Hand weapons
 a - a +0,+0 falchion
 p - a +1,+4 dagger of chaos
 r - a +2,+1 falchion (weapon)
 x - a -1,+1 orcish falchion
Armour
 c - a cursed +0 shield (worn)
 e - a +3 dwarven chain mail (worn)
 g - a +1 hat of magic resistance
 n - a +2 orcish hat (worn)
 K - the +3 hat of Pondering {ponderous, MR+ MP+10 Int+5}
   (You took it off Gastronok on level 8 of the Dungeon)

   It affects your intelligence (+5).
   It affects your resistance to hostile enchantments.
   It affects your magic capacity (+10).
 M - a +0 shield
 P - a +2 pair of gloves of dexterity (worn)
 Q - a +1 dwarven plate armour
Magical devices
 D - a wand of random effects (6)
 G - a wand of frost (2)
 H - a wand of lightning (0)
 I - a wand of paralysis (9)
Scrolls
 f - 3 scrolls of teleportation
 h - a scroll of noise
 j - a scroll of fog
 k - a scroll of curse armour
 m - a scroll of immolation
 q - a scroll of magic mapping
 u - a scroll of random uselessness
 y - 2 scrolls of recharging
 B - 2 scrolls of fear
 F - a scroll of remove curse
Jewellery
 i - an uncursed ring of protection from magic {unknown}
 l - a ring of sustenance (left hand) {unknown}
 v - a cursed +4 ring of strength (right hand)
 w - an uncursed ring of wizardry
 E - an uncursed ring of sustain abilities
Potions
 b - a potion of brilliance
 s - a potion of resistance
 t - 2 potions of restore abilities
 N - a potion of speed
 O - a potion of curing
Books
 L - the Compendium of Confrontation
   (You found it on level 8 of the Dungeon)

   Spells                             Type                      Level
   Throw Frost                        Conjuration/Ice              2
   Bolt of Draining                   Conjuration/Necromancy       5
   Iron Shot                          Conjuration/Earth            6
   Orb of Destruction                 Conjuration                  7


   Skills:
 * Level 13.0 Fighting
 + Level 8.5 Long Blades
 - Level 3.2 Armour
 - Level 3.0 Shields
 * Level 4.6 Invocations
 * Level 4.4 Evocations


You had 10 spell levels left.
You didn't know any spells.

Dungeon Overview and Level Annotations

Branches:
Dungeon (9/16)             Temple (1/1) D:5             Orc (0/4) D:9
   Lair: D:8-11

Altars:
Ashenzari
Cheibriados
Dithmenos
Elyvilon
Fedhas
Kikubaaqudgha
Makhleb
Nemelex Xobeh
Okawaru
Sif Muna
Trog
Vehumet
Xom
Yredelemnul
Zin
The Shining One

Shops:
D:8 *   D:9 [

Annotations:
D:9 Dowan, Duvessa


Innate Abilities, Weirdness & Mutations

You are immune to all types of fire, even holy and hellish.
You are vulnerable to cold.
You need no food.
You have no legs.
You are immune to negative energy.
You have a pair of horns on your head.
You are agile. (Dex +2)
Your vision is a little blurry.
Your magical capacity is low (-10% MP).
Your spells are a little harder to cast, but a little more powerful.


Message History

You hit the small abomination. You headbutt the small abomination.
The small abomination is heavily damaged.
You hit the small abomination. You headbutt the small abomination.
The small abomination is severely damaged.
The small abomination barely misses you.
You hit the small abomination.
The small abomination is almost destroyed.
The small abomination hits you.
* * * LOW HITPOINT WARNING * * *
You slash the small abomination!
You destroy the small abomination!
Okawaru accepts your kill.
You have reached level 11!
You start resting.
A green death comes into view.
The green death roars!
The green death gestures at you. The bolt of poison hits you!
You are poisoned.
You die...

≈ ... #≈## ##
#... .# ♣
###.♣.##2 .#
#.......#..#..
#....>#.. #
#§..@#
#..#.#...##
#.≈.##.###.##
...##.### §#
.. . ..# # #
.## ## #


You could see a green death.

Vanquished Creatures
  Gastronok (D:8)
  A sixfirhy (Abyss:1)
  Psyche (D:7)
  A spriggan (D:7)
  A troll (D:9)
  Eustachio (D:8)
  Grum (D:8)
  2 hungry ghosts
  The ghost of Herrn the Skirmisher, an average DjFi (D:3)
  A chaos spawn (Abyss:1)
  3 necrophages
  An ice beast (D:9)
  2 wolves (D:8)
  2 small abominations (Abyss:1)
  A sky beast (D:8)
  3 orc warriors
  2 giant goldfish (D:7)
  5 ogres
  A yellow wasp (D:8)
  3 phantoms
  2 centaurs
  A warg (D:9)
  A big kobold (D:9)
  Blork the orc (D:8)
  A water moccasin (D:9)
  A gnoll sergeant (D:9)
  5 giant frogs
  3 wights (D:8)
  The ghost of jeanjacques the Charlatan, a weakling FeAr (D:6)
  9 crimson imps
  A giant frog skeleton (D:6)
  5 hounds
  2 goliath beetles
  4 orc wizards
  An orc priest (D:9)
  A centaur skeleton (D:5)
  A giant frog zombie (D:5)
  A gnoll shaman (D:9)
  An iguana (D:9)
  3 worker ants
  A quasit (D:7)
  5 scorpions
  Ijyb (D:2)
  A big kobold skeleton (D:7)
  The ghost of jeanjacques the Charlatan, a weakling FeAr of the Shining One (D:5)
  A spectral human (D:6)
  18 gnolls
  10 adders
  2 orc zombies
  A green rat (D:8)
  A giant mite (D:5)
  11 worms
  An adder skeleton (D:8)
  A grey rat (D:8)
  An iguana skeleton (D:6)
  3 giant eyeballs
  6 giant geckos
  9 orcs
  3 ball pythons (D:2)
  A bat zombie (D:8)
  7 giant cockroaches
  12 goblins
  15 hobgoblins
  11 jackals
  4 quokkas
  13 bats
  4 giant newts
  A goblin skeleton (D:5)
  A hobgoblin skeleton (D:5)
  2 hobgoblin zombies (D:5)
  12 kobolds
  2 orc skeletons
  10 rats
  2 ballistomycetes (D:8)
253 creatures vanquished.

Vanquished Creatures (others)
  A giant spore (D:8)
1 creature vanquished.

Grand Total: 254 creatures vanquished

Notes
Turn   | Place    | Note
--------------------------------------------------------------
     0 | D:1      | Herrn, the Djinni Fighter, began the quest for the Orb.
     0 | D:1      | Reached XP level 1. HP: 16/16 MP: 0/0
   220 | D:1      | Reached XP level 2. EP: 23/23
   678 | D:2      | Noticed Ijyb
   724 | D:2      | Found an iron altar of Okawaru.
   737 | D:2      | Became a worshipper of Warmaster Okawaru
   794 | D:2      | Reached XP level 3. EP: 27/29
   799 | D:2      | Reached skill level 1 in Invocations
   871 | D:2      | Killed Ijyb
   871 | D:2      | Reached skill level 4 in Fighting
   871 | D:2      | Reached XP level 4. EP: 32/37
  1260 | D:2      | Acquired Okawaru's first power
  1571 | D:3      | Noticed Herrn's ghost (average DjFi)
  1585 | D:3      | Gained mutation: You can translocate small distances at will. [potion of mutation]
  1585 | D:3      | Gained mutation: Your vision is a little blurry. [potion of mutation]
  1587 | D:3      | Reached skill level 11 in Fighting
  1587 | D:3      | Reached XP level 5. EP: 15/55
  1812 | D:3      | Reached XP level 6. EP: 54/62
  1943 | D:3      | Found a bloodstained altar of Trog.
  1943 | D:3      | Found a deep blue altar of Sif Muna.
  2243 | D:3      | Killed Herrn's ghost
  2256 | D:3      | Lost mutation: You can translocate small distances at will. [potion of mutation]
  2256 | D:3      | Gained mutation: You have a pair of small horns on your head. [potion of mutation]
  2256 | D:3      | Gained mutation: You have a pair of horns on your head. [potion of mutation]
  2446 | D:4      | Reached XP level 7. EP: 63/70
  2713 | D:4      | Found a snail-covered altar of Cheibriados.
  2890 | D:5      | Entered Level 5 of the Dungeon
  2901 | D:5      | Noticed jeanjacques' ghost (weakling FeAr)
  2906 | D:5      | Killed jeanjacques' ghost
  3032 | D:5      | Found a shimmering altar of Xom.
  3290 | D:5      | Reached XP level 8. EP: 78/78
  3418 | D:5      | Found a staircase to the Ecumenical Temple.
  3424 | Temple   | Entered the Ecumenical Temple
  3473 | D:5      | Paralysed by a giant eyeball for 4 turns
  3641 | D:5      | Got a faintly glowing flail
  3645 | D:5      | Identified the cursed +3,-2 flail of Wrath {crush, -Cast rElec rPois rF+} (You found it on level 5 of the Dungeon)
  3766 | D:6      | Noticed jeanjacques' ghost (weakling FeAr)
  3774 | D:6      | Killed jeanjacques' ghost
  3936 | D:6      | Paralysed by a giant eyeball for 4 turns
  4181 | D:6      | Reached skill level 5 in Long Blades
  4239 | D:6      | Found a glowing golden altar of the Shining One.
  4383 | D:6      | Found a basalt altar of Yredelemnul.
  4772 | D:7      | Noticed a spriggan baker
  4797 | D:7      | Killed a spriggan baker
  4797 | D:7      | Reached XP level 9. EP: 61/87
  5284 | D:7      | Reached skill level 12 in Fighting
  5354 | D:7      | Reached skill level 1 in Evocations
  5676 | D:8      | Noticed Blork the orc
  5695 | D:8      | Killed Blork the orc
  6087 | D:8      | Found a white marble altar of Elyvilon.
  6107 | D:8      | Noticed Eustachio
  6177 | D:8      | Killed Eustachio
  6250 | D:8      | Noticed Gastronok
  6280 | D:8      | Killed Gastronok
  6280 | D:8      | Acquired Okawaru's second power
  6280 | D:8      | Reached XP level 10. EP: 38/98
  6649 | D:8      | Identified the Compendium of Confrontation
  6667 | D:8      | Received a gift from Okawaru
  7123 | D:8      | Noticed Psyche
  7180 | D:7      | Killed Psyche
  7544 | D:8      | Found Zin's Purification Station.
  7549 | D:8      | Found a glowing silver altar of Zin.
  7811 | D:9      | Found Wiemp's Armour Emporium.
  7887 | D:9      | Bought a +2 pair of gloves of dexterity for 241 gold pieces
  8105 | D:9      | Paralysed by a giant eyeball for 2 turns
  8149 | D:9      | Found a blossoming altar of Fedhas.
  8199 | D:9      | Found a staircase to the Orcish Mines.
  8228 | D:9      | Noticed Grum
  8286 | D:8      | Killed Grum
  8486 | D:9      | Noticed Dowan
  8505 | D:9      | Noticed Duvessa
  8508 | D:9      | Cast into the Abyss (Dowan)
  8526 | Abyss:1  | Noticed a sixfirhy
  8544 | Abyss:1  | Killed a sixfirhy
  8662 | Abyss:1  | Noticed a green draconian scorcher
  8684 | Abyss:1  | Reached skill level 13 in Fighting
  8742 | Abyss:1  | Noticed a sun demon
  8753 | Abyss:1  | Noticed a spatial maelstrom
  8753 | Abyss:1  | Noticed a large abomination
  8767 | Abyss:1  | Gained mutation: Your magical capacity is low (-10% MP). [potion of mutation]
  8767 | Abyss:1  | Gained mutation: You are agile. (Dex +2) [potion of mutation]
  8767 | Abyss:1  | Gained mutation: Your spells are a little harder to cast, but a little more powerful. [potion of mutation]
  8773 | Abyss:1  | Reached XP level 11. EP: 20/104
  8777 | Abyss:1  | Noticed a green death
  8777 | Abyss:1  | Killed from afar by a green death

Action                   |  1- 3 |  4- 6 |  7- 9 | 10-12 || total
-------------------------+-------+-------+-------+-------++-------
Melee: Falchion          |    99 |   253 |   560 |   353 ||  1265
Invok: Heroism           |       |     2 |     2 |     1 ||     5
Evoke: Wand              |       |       |    12 |     4 ||    16
  Use: Potion            |       |     5 |     1 |     4 ||    10
       Scroll            |       |     1 |     7 |    15 ||    23
 Stab: Paralysed         |       |       |       |    15 ||    15
       Invisible         |       |       |       |     3 ||     3
